Map: King Sejong Station LE

Players

blackxored

  • Race: Zerg Zerg
  • League: Diamond

Bordag - Winner!

  • Race: Protoss Protoss
  • League: Diamond

VOD

Have the link to the VOD?

Description

Time

  • Played on: July 3, 2016, 10:06 a.m.
  • Length: 8:53
Show
View Real Time Build Order
Export as new Build Order

blackxored Zerg 

Build Orders: Hatch First 

Get SALT Encoding   

  12  0:01  Drone  
  13  0:08  Drone  
  14  0:22  Overlord  
  14  0:27  Extractor  
  14  0:28  Drone  
  14  0:41  Drone x2  
  17  0:54  Hatchery  
  16  0:57  Drone  
  16  1:00  Drone  
  18  1:12  Extractor  
  18  1:16  Spawning Pool  
  18  1:18  Drone  
  17  1:21  Drone  
  18  1:27  Drone  
  19  1:42  Drone  
  20  1:49  Overlord  
  20  2:10  Hatchery  
  20  2:12  Queen  
  20  2:13  Zergling x4  
  23  2:18  Metabolic Boost  
  23  2:24  Drone x2  
  25  2:31  Overlord  
  25  2:48  Drone x3  
  25  2:49  Drone  
  29  2:52  Queen  
  29  2:57  Zergling x2  
  32  2:58  Zergling x2  
  33  3:11  Drone x3  
  33  3:12  Pneumatized Carapace  
  36  3:19  Drone  
  37  3:21  Drone  
  37  3:23  Drone x3  
  37  3:26  Drone  
  41  3:38  Drone  
  41  3:39  Drone  
  43  3:41  Queen  
  43  3:46  Drone, Evolution Chamber  
  43  3:48  Baneling Nest, Drone  
  45  4:02  Overlord  
  45  4:12  Zerg Melee Weapons Level 1  
  45  4:15  Zergling x10  
  45  4:16  Overlord  
  45  4:17  Overlord x2  
  50  4:21  Extractor, Drone  
  50  4:27  Spore Crawler  
  50  4:28  Drone  
  50  4:29  Drone  
  50  4:30  Spore Crawler  
  50  4:31  Spore Crawler  
  50  4:33  Drone  
  50  4:34  Spore Crawler  
  50  4:35  Drone  
  50  4:36  Drone  
  50  4:38  Drone  
  52  4:42  Spore Crawler  
  51  4:45  Queen  
  51  4:51  Queen  
  55  5:06  Queen  
  57  5:22  Drone x15  
  57  5:23  Drone  
  57  5:27  Lair  
  73  5:38  Baneling x4  
  73  5:43  Baneling x2  
  73  5:46  Baneling  
  73  5:55  Baneling  
  73  6:02  Drone x2  
  73  6:03  Extractor, Drone x4  
  77  6:04  Extractor  
  77  6:09  Extractor, Drone x2  
  77  6:10  Extractor, Drone x3  
  77  6:11  Drone x2  
  81  6:41  Infestation Pit  
  81  6:42  Drone  
  81  6:43  Drone, Evolution Chamber  
  81  6:44  Overlord  
  81  6:45  Overlord x4  
  81  6:48  Hatchery  
  76  7:19  Zergling x2  
  76  7:20  Zergling x28  
  91  7:23  Hive  
  91  7:27  Spire  
  90  7:33  Zergling x6  
  90  7:34  Baneling  
  90  7:35  Baneling x5  
  88  7:44  Zergling x4  
  88  7:49  Baneling  
  88  7:50  Baneling  
  88  7:51  Baneling x8  
  88  7:53  Baneling  
  88  7:56  Zergling x2, Baneling  
  88  7:57  Zergling x6  
  84  8:05  Zergling x2  
  84  8:06  Zergling x2  
  84  8:11  Baneling x4  
  84  8:12  Baneling x6  
  82  8:24  Zergling x6  
  82  8:25  Zergling x2  
  51  8:48  Hatchery  
Show
View Real Time Build Order
Export as new Build Order

Bordag Protoss - Winner!

Build Orders: Double Forge, Nexus First 

Get SALT Encoding   

  12  0:01  Probe (Chrono Boost)  
  13  0:11  Probe (Chrono Boost)  
  14  0:18  Pylon  
  14  0:22  Probe (Chrono Boost)  
  15  0:37  Probe (Chrono Boost)  
  16  0:47  Probe (Chrono Boost)  
  17  1:02  Nexus  
  17  1:09  Forge  
  17  1:13  Probe (Chrono Boost)  
  18  1:20  Pylon  
  18  1:23  Probe (Chrono Boost)  
  19  1:34  Probe (Chrono Boost)  
  20  1:44  Probe (Chrono Boost)  
  21  1:55  Probe (Chrono Boost)  
  21  1:58  Gateway  
  21  1:59  Photon Cannon  
  21  2:01  Pylon  
  22  2:05  Probe (Chrono Boost)  
  22  2:08  Assimilator  
  23  2:15  Probe (Chrono Boost)  
  24  2:16  Probe (Chrono Boost)  
  24  2:19  Assimilator  
  25  2:26  Probe x2 (Chrono Boost)  
  27  2:36  Probe (Chrono Boost)  
  29  2:37  Probe (Chrono Boost)  
  29  2:47  Probe x2 (Chrono Boost)  
  29  2:50  Cybernetics Core  
  31  2:57  Probe x2 (Chrono Boost)  
  33  3:00  Zealot (Chrono Boost)  
  33  3:05  Assimilator  
  35  3:07  Probe  
  35  3:08  Probe  
  35  3:10  Pylon  
  37  3:15  Assimilator  
  37  3:17  Probe  
  38  3:20  Probe  
  39  3:27  Pylon  
  39  3:28  Probe  
  40  3:39  Warp Gate (Chrono Boost)  
  40  3:42  Stalker  
  40  3:48  Pylon  
  42  3:51  Stargate  
  42  3:54  Stargate  
  42  3:59  Pylon  
  42  4:02  Probe (Chrono Boost)  
  43  4:03  Mothership Core (Chrono Boost)  
  45  4:13  Probe (Chrono Boost)  
  46  4:22  Probe (Chrono Boost)  
  46  4:23  Probe (Chrono Boost)  
  48  4:37  Robotics Facility  
  48  4:38  Robotics Facility  
  48  4:41  Robotics Facility  
  48  4:44  Gateway  
  48  4:45  Gateway  
  48  4:47  Pylon  
  48  4:51  Stalker  
  48  4:52  Probe (Chrono Boost)  
  51  4:56  Forge  
  51  4:59  Pylon  
  51  5:15  Gateway  
  51  5:18  Gateway  
  51  5:22  Gateway  
  51  5:29  Immortal (Chrono Boost)  
  51  5:30  Immortal (Chrono Boost)  
  51  5:31  Immortal (Chrono Boost)  
  63  5:40  Protoss Ground Weapons Level 1 (Chrono Boost), Protoss Ground Armor Level 1 (Chrono Boost)  
  63  6:08  Warp Prism  
  67  6:13  Nexus  
  67  6:20  Immortal x2  
  67  6:23  Sentry x3  
  79  6:39  Pylon  
  79  6:50  Pylon  
  79  6:58  Immortal  
  83  7:02  Stalker x2  
  83  7:04  Stalker  
  83  7:05  Stalker  
  75  7:10  Probe x2  
  73  7:22  Probe x2  
  75  7:27  Zealot x3  
  81  7:55  Zealot x3  
  81  7:56  Zealot  
  89  8:32  Zealot x3  
  89  8:33  Stalker  
  89  8:34  Stalker x2  
Tags
 
Add a new tag
Caveats
  • Supply blocks, unpowered buildings, or Contaminate may cause inaccurate times.
  • Supply counts are checked every 10 seconds.